 Dungeon Crawl Stone Soup version 0.21.1-1-g345015f (webtiles) character file.

32 diana the Insei (level 3, -2/19 HPs)
             Began as a Vine Stalker Chaos Knight on May 26, 2018.
             Slain by Terence
             ... wielding a +3 flail of protection
              (3 damage)
             ... on level 2 of the Dungeon.
             The game lasted 00:03:55 (520 turns).

diana the Insei (Vine Stalker Chaos Knight)          Turns: 520, Time: 00:03:56

Health: -2/19      AC:  3    Str: 14    XL:     3   Next: 25%
Magic:  0/4        EV: 11    Int: 12    God:    Xom [*.....]
Gold:   49         SH:  0    Dex: 14    Spells: 2/2 levels left

rFire    . . .     SeeInvis .     - Unarmed
rCold    . . .     Gourm    .   (no shield)
rNeg     . . .     Faith    .   a - +2 leather armour
rPois    .         Spirit   +   (no helmet)
rElec    .         Reflect  .   (no cloak)
rCorr    .         Harm     .   (no gloves)
MR       .....                  (no boots)
Stlth    +.........             (no amulet)
HPRegen  0.06/turn              (no ring)
MPRegen  0.09/turn              (no ring)

@: no status effects
A: fangs 2, deformed body, magic shield, antimagic bite, no potion heal 3, rot
immunity
a: Renounce Religion


You were on level 2 of the Dungeon.
You worshipped Xom.
You were a special plaything of Xom.
You were not hungry.

You visited 1 branch of the dungeon, and saw 2 of its levels.

You collected 49 gold pieces.

Inventory:

Armour
 a - a +2 leather armour (worn)
Jewellery
 d - a +4 ring of slaying {unknown}
Scrolls
 c - a scroll of identify {unknown}
 f - a scroll of teleportation {unknown}
Potions
 e - a potion of might {unknown}
Comestibles
 b - 4 rations


   Skills:
 - Level 2.6 Fighting
 - Level 1.5 Armour
 - Level 0.7 Dodging
 + Level 4.2 Unarmed Combat


You had 2 spell levels left.
You didn't know any spells.

Dungeon Overview and Level Annotations

Branches:
Dungeon (2/15)

Altars:

Annotations:
D:2 Terence


Innate Abilities, Weirdness & Mutations

You have extremely sharp teeth.
When hurt, damage is shared between your health and your magic reserves.
Your bite disrupts and absorbs the magic of your enemies.
Potions cannot restore your health.
You are immune to rotting.
Armour fits poorly on your strangely shaped body.


Message History

You closely miss Terence. You bite Terence, but do no damage.
Terence is moderately wounded.
Terence barely misses you.
You hit Terence but do no damage. You bite Terence, but do no damage.
Terence is moderately wounded.
Terence hits you but does no damage.
You hit Terence but do no damage. Your punch misses Terence.
Terence is moderately wounded.
Terence hits you with a flail of protection.
* * * LOW HITPOINT WARNING * * *
You barely miss Terence. You bite Terence, but do no damage.
Terence is moderately wounded.
You hit Terence but do no damage.
Terence is moderately wounded.
Terence closely misses you.
You hit Terence but do no damage. You bite Terence, but do no damage.
Terence is moderately wounded.
Terence hits you with a flail of protection.
You die...
Xom howls with laughter!

#...........#....
#.#...###.....#....
#.##.) ......#....
#.# .......#....
####.## #####
.....# . #...# ...
...###...##.$...
........@@..#
##.##########


You could see Terence.

Vanquished Creatures
  An ooze (D:1)
  A worm (D:2)
  A dart slug (D:1)
  A leopard gecko (D:1)
  3 bats
  4 goblins (D:1)
  2 hobgoblins (D:1)
  2 frilled lizards (D:1)
  3 kobolds
  3 rats
21 creatures vanquished.

Notes
Turn   | Place    | Note
-------+----------+-------------------------------------------
     0 | D:1      | diana the Vine Stalker Chaos Knight began the quest for the Orb.
     0 | D:1      | Reached XP level 1. HP: 11/11 MP: 2/2
    65 | D:1      | XOM: divination: detect creatures
    71 | D:1      | Reached XP level 2. HP: 10/16 MP: 3/3
   150 | D:1      | Reached skill level 4 in Unarmed Combat
   225 | D:1      | Reached XP level 3. HP: 14/19 MP: 4/4
   501 | D:2      | XOM: 2-stop teleportation journey
   502 | D:2      | Noticed Terence
   514 | D:2      | XOM: give mutation
   514 | D:2      | Gained mutation: Armour fits poorly on your strangely shaped body. [Xom's mischief]
   520 | D:2      | Slain by Terence

Skill      XL: |  1  2 |
---------------+-------+-----
Unarmed Combat | 4 |  4.2
Fighting       | |  2.6
Armour         | |  1.5
Dodging        | |  0.7

Action                   || total
-------------------------++-------
Melee: Unarmed           ||    72
       Bite              ||    25
 Stab: Sleeping          ||     1
Armor: Leather armour    ||    19
Dodge: Dodged            ||    39
